 Dungeon Crawl Stone Soup version 0.25.0-1-g7eea58d2a3 (webtiles) character file.

Game seed: 6426840087528077060

126 HungrySpirit the Skirmisher (level 5, 0/32 HPs)
             Began as a Kobold Transmuter on June 15, 2020.
             Was an Initiate of Wu Jian.
             Succumbed to an adder's poison
             ... on level 3 of the Dungeon.
             The game lasted 00:05:07 (3940 turns).

HungrySpirit the Skirmisher (Kobold Transmuter)     Turns: 3940, Time: 00:05:07

Health: 0/32       AC:  8    Str:  8    XL:     5   Next: 32%
Magic:  8/8        EV:  5    Int: 15    God:    Wu Jian [......]
Gold:   96         SH:  0    Dex: 15    Spells: 7/8 levels left

rFire    . . .     SeeInvis .   g - +0 short sword
rCold    . . .     Gourm    .   (shield restricted)
rNeg     . . .     Faith    .   e - +0 chain mail
rPois    .         Spirit   .   (no helmet)
rElec    .         Reflect  .   (no cloak)
rCorr    .         Harm     .   (no gloves)
MR       .....                  (no boots)
Stlth    ..........             (no amulet)
HPRegen  0.10/turn              (no ring)
MPRegen  0.11/turn              (no ring)

@: lethally poisoned (0 -> -20)
A: small, carnivore
a: Renounce Religion


You were on level 3 of the Dungeon.
You worshipped Wu Jian.
Wu Jian was noncommittal.
You were full.

You visited 1 branch of the dungeon, and saw 3 of its levels.

You collected 96 gold pieces.

Inventory:

Hand Weapons
 c - a +0 falchion
 g - a +0 short sword (weapon)
Missiles
 a - 12 arrows
Armour
 b - a +1 ring mail of fire resistance
 e - a +0 chain mail (worn)
Scrolls
 f - a scroll of fog {unknown}
 h - 3 scrolls of remove curse {unknown}
 i - 2 scrolls of teleportation {unknown}
 l - a scroll of noise {unknown}
 m - a scroll of identify {unknown}
 n - a scroll of enchant weapon {unknown}
Comestibles
 d - 4 rations


   Skills:
 + Level 3.1 Fighting
 * Level 3.0(3.1) Short Blades
 - Level 0.2(1.1) Long Blades
 + Level 1.5 Armour
 - Level 2.4 Dodging
 + Level 1.9 Stealth
 - Level 3.0 Unarmed Combat
 - Level 2.1 Spellcasting
 - Level 2.0 Transmutations


You had 7 spell levels left.
You knew the following spells:

 Your Spells              Type           Power        Failure   Level  Hunger
a - Beastly Appendage     Tmut           #.....       100%        1    #......

Your spell library contained the following spells:

 Spells                   Type           Power        Failure   Level  Hunger
 Sticks to Snakes         Tmut           #.......     100%        2    ###....
 Spider Form              Tmut/Pois      #.........   100%        3    ###....
 Ice Form                 Ice/Tmut       #.......     100%        4    #####..
 Blade Hands              Tmut           #.........   100%        5    ######.


Dungeon Overview and Level Annotations

Branches:
Dungeon (3/15)

Altars:
Dithmenos
Wu Jian
Zin


Innate Abilities, Weirdness & Mutations

You are small and have problems with some larger weapons.
You are carnivorous and can eat meat at any time.


Message History

* * * LOW HITPOINT WARNING * * *
Your chain mail prevents you from hitting the adder.
The adder is severely wounded.
* * * LOW HITPOINT WARNING * * *
You feel sick. The adder bites you.
* * * LOW HITPOINT WARNING * * *
You hit the adder but do no damage.
The adder is severely wounded.
* * * LOW HITPOINT WARNING * * *
You feel sick. The adder bites you.
* * * LOW HITPOINT WARNING * * *
You are more poisoned.
The adder poisons you! The adder bites you.
* * * LOW HITPOINT WARNING * * *
You are more poisoned.
The adder poisons you!
Unknown command.
You hit the adder but do no damage.
The adder is severely wounded.
You die...

##..<## #.##
##...<.## #.#.
#.......# #.#.
#......... ...
+......... ..
#......... #.
##....)..#
#####.####
##.....##
#....S@..# ##...##
#.###.##.# ##+# #.
#.# ####.###
#.##.### #......#
#..†...# #....#.##
####.#.####........
#.#...........##
..######......#
#### #....#.#


You could see an adder.

Vanquished Creatures
  Jessica (D:2)
  5 adders
  2 oozes
  A dart slug (D:1)
  2 giant cockroaches
  A goblin (D:1)
  7 hobgoblins
  9 jackals
  A quokka (D:2)
  2 bats (D:2)
  3 frilled lizards
  6 kobolds
  7 rats
47 creatures vanquished.

Notes
Turn   | Place    | Note
-------+----------+-------------------------------------------
     0 | D:1      | HungrySpirit the Kobold Transmuter began the quest for the
                  | Orb.
     0 | D:1      | Reached XP level 1. HP: 12/12 MP: 3/3
   139 | D:1      | Reached XP level 2. HP: 9/17 MP: 5/5
   736 | D:1      | Reached skill level 1 in Short Blades
  1091 | D:1      | Reached XP level 3. HP: 17/21 MP: 6/6
  1686 | D:2      | Reached skill level 1 in Armour
  1901 | D:2      | Found a shadowy altar of Dithmenos.
  2207 | D:2      | Found an ornate altar of the Wu Jian Council.
  2262 | D:2      | Reached XP level 4. HP: 24/27 MP: 7/7
  2360 | D:2      | Became a worshipper of the Wu Jian Council
  2801 | D:2      | Reached skill level 1 in Stealth
  3666 | D:2      | Found a glowing silver altar of Zin.
  3697 | D:2      | Noticed Jessica
  3703 | D:2      | Killed Jessica
  3703 | D:2      | Reached XP level 5. HP: 32/32 MP: 8/8
  3939 | D:3      | HP: 1/32 [adder (2)]
  3940 | D:3      | Succumbed to an adder's poison

Illustrated notes

Levels and vault maps discovered:
D:1:      heliophobic_arrival_enchanted_forest, layout_basic
D:2:      layout_loops_corners, zin_scriptorium, old_standard_altar,
          nicolae_overflow_crystal_walls, uniq_jessica
D:3:      layout_loops_corners, marbit_many_paths, first_ration

Skill      XL: |  1  2  3  4  5 |
---------------+----------------+-----
Fighting       | 2 3 |  3.1
Short Blades   | 1 2 3 |  3.0
Armour         | 1 |  1.5
Stealth        | 1 |  1.9
Long Blades    | |  0.2
Dodging        | |  2.4
Unarmed Combat | |  3.0
Spellcasting   | |  2.1
Transmutations | |  2.0

Action                   |  1- 3 |  4- 6 || total
-------------------------+-------+-------++-------
Melee: Unarmed           |     9 |       ||     9
       Club              |     8 |       ||     8
       Dagger            |   220 |    92 ||   312
       Punch             |     2 |       ||     2
       Short sword       |       |    68 ||    68
       Falchion          |       |    26 ||    26
Invok: Lunge             |       |     7 ||     7
  Use: Potion            |     3 |     2 ||     5
  Eat: Chunk             |    11 |     5 ||    16
Armor: Chain mail        |   134 |   146 ||   280
Dodge: Dodged            |    56 |    66 ||   122
       Rpst.: Falchion   |       |     6 ||     6
